AoeStats
← LostBard

Arabia

509166969Analyzed
1v1 RM · 8d ago on Sep 25, 2026· 57m 56s· 2 players
Game mode
Random Map
Map size
Tiny (2 player)
Population
200
Speed
Normal
Resources
Standard
Victory
Conquest
Starting age
Dark Age
Ending age
Imperial Age
RankedLock teamsTeams togetherTeam positionsShared explorationLock speedFull tech treeHidden civsTurbo modeCheats
Victory
Defeat
🇺🇸 Mongols · United States
882
+14
🇺🇸 Inca · United States
838
-14
LostBard
5:46 Loom
11:14 Feudal Age
12:40 Wheelbarrow
12:14 Double-Bit Axe
13:22 Horse Collar
16:54 Fletching
17:28 Town Watch
18:17 Padded Archer Armor
19:29 Gold Mining
19:34 Champi Runner
20:27 Stone Mining
22:36 Forging
22:28 Scale Mail Armor
27:48 Castle Age
28:01 Pikeman
28:41 Squires
28:03 Champi Warrior
28:48 Heavy Plow
28:58 Bow Saw
29:23 Gold Shaft Mining
29:23 Stone Shaft Mining
28:25 Crossbowman
30:28 Arson
31:22 Hand Cart
32:09 Chain Mail Armor
32:24 Town Patrol
33:01 Elite Skirmisher
33:51 Thumb Ring
37:39 Sanctity
37:17 Herbal Medicine
37:24 Bodkin Arrow
37:45 Leather Archer Armor
38:07 Iron Casting
45:00 Imperial Age
46:30 Conscription
45:46 Elite Kamayuk
47:03 Onager
54:33 Fabric Shields
croryross
2:55 Loom
11:00 Feudal Age
11:57 Double-Bit Axe
18:12 Castle Age
16:31 Fletching
17:30 Horse Collar
19:18 Bloodlines
21:47 Bow Saw
24:14 Wheelbarrow
24:51 Bodkin Arrow
25:49 Heavy Plow
26:12 Padded Archer Armor
27:19 Hand Cart
27:32 Husbandry
29:08 Ballistics
29:19 Scale Barding Armor
29:25 Forging
30:02 Town Watch
30:19 Gold Mining
34:47 Chain Barding Armor
34:44 Leather Archer Armor
37:50 Imperial Age
36:05 Iron Casting
37:17 Gold Shaft Mining
37:04 Stone Mining
38:19 Elite Mangudai
39:44 Bracer
40:55 Chemistry
43:17 Blast Furnace
41:40 Cavalier
43:27 Drill
45:31 Capped Ram
46:28 Siege Ram
47:41 Light Cavalry
49:03 Hussar
50:13 Conscription
Connection lost

Rejoining the realm…

Still unreachable

The connection could not be restored.

Session expired

The server has moved on; the page needs a fresh start.